 Dungeon Crawl Stone Soup version 0.30.1-11-g7821555f0a (webtiles) character file.

Game seed: 7995102139847036236

30 RancidPinata the Sneak (level 3, 0/26 HPs)
             Began as an Octopode Delver on Dec 22, 2023.
             Succumbed to a scorpion's poison
             ... on level 5 of the Dungeon.
             The game lasted 00:04:29 (537 turns).

RancidPinata the Sneak (Octopode Delver)             Turns: 537, Time: 00:04:30

Health: 0/26       AC:  1    Str: 11    XL:     3   Next: 18%
Magic:  3/3        EV: 13    Int: 12    God:
Gold:   0          SH:  0    Dex: 15    Spells: 2/2 levels left

rFire   . . .        a - +0 short sword
rCold   . . .        (no shield)
rNeg    . . .        (helmet restricted)
rPois   .            (no amulet)
rElec   .            (no ring)
rCorr   .            (no ring)
SInv    .            (no ring)
Will    .....        (no ring)
Stlth   +++++        (no ring)
HPRegen 0.24/turn    (no ring)
MPRegen 0.08/turn    (no ring)
                     (no ring)

%: no passive effects
@: lethally poisoned (0 -> -7)
A: almost no armour, amphibious, 8 rings, camouflage 1, gelatinous body 1,
(nimble swimmer 1), tentacles
a: no special abilities


You were on level 5 of the Dungeon.
You visited 2 branches of the dungeon, and saw 3 of its levels.

Inventory:

Hand Weapons
 a - a +0 short sword (weapon)
Wands
 f - a wand of digging (3)
Scrolls
 b - a scroll of fog
 c - a scroll of magic mapping
 d - a scroll of fear
Potions
 e - a potion of haste
 g - a potion of mutation {unknown}
 h - a potion of cancellation {unknown}


   Skills:
 + Level 3.2 Fighting
 * Level 2.5 Short Blades
 + Level 2.3 Dodging
 * Level 7.0 Stealth


You had 2 spell levels left.
You didn't know any spells.
Your spell library contained the following spells:

 Spells                   Type           Power      Damage    Failure   Level
 Blink                    Tloc           0%         N/A       45%         2
 Lesser Beckoning         Tloc           0%         N/A       45%         2
 Momentum Strike          Conj/Tloc      0%         3d8       45%         2


Dungeon Overview and Level Annotations

Branches:
Dungeon (6/15)             Temple (1/1) D:5

Altars:
Cheibriados
Dithmenos
Elyvilon
Fedhas
Gozag
Hepliaklqana
Kikubaaqudgha
Qazlal
Ru
Sif Muna
Trog
Uskayaw
Vehumet
Wu Jian
Xom
Yredelemnul
Zin


Innate Abilities, Weirdness & Mutations

You cannot wear most types of armour.
You are amphibious.
You can wear up to eight rings at the same time.
Your skin changes colour to match your surroundings (Stealth+).
Your rubbery body absorbs attacks. (AC +1, EV +1)
((You are camouflaged when in or above water. (Stealth+)))
You have tentacles for arms and can constrict up to eight enemies at once.


Message History

A scorpion comes into view.
Found a metallic blue potion.
The hound barks!
You hear a howl!
Found 5 stones and 11 gold pieces.
The hound closely misses you. The hound bites you. The hound barely misses you.
A howler monkey comes into view.
You see here a book of Spatial Translocations.
You pick up a book of Spatial Translocations and begin reading...
You add the spells Blink, Momentum Strike and Lesser Beckoning to your library.
The hound bites you. The hound barely misses you. The hound closely misses you.
The hound closely misses you. The hound bites you.
The hound attacks as you move away! The hound barely misses you.
The hound bites you.
The howler monkey hoots and howls with incredible vigour!
You hear a shout!
The hound attacks as you move away! The hound bites you but does no damage.
The hound barely misses you. The scorpion attacks as you move away!
The scorpion closely misses you.
Found 3 scrolls labelled ZIERPH MEDOWIH.
The hound bites you. The scorpion attacks as you move away!
The scorpion misses you. The hound closely misses you.
The hound attacks as you move away! The hound bites you but does no damage.
The hound bites you but does no damage. The hound attacks as you move away!
The hound barely misses you. The scorpion attacks as you move away!
The scorpion stings you.
* * * LOW HITPOINT WARNING * * *
The hound closely misses you. The scorpion attacks as you move away!
The scorpion stings you.
* * * LOW HITPOINT WARNING * * *
You are lethally poisoned!
The scorpion poisons you!
* * * LOW HITPOINT WARNING * * *
You feel very sick. The scorpion closely misses you.
There is a stone staircase leading down here.
The scorpion attacks as you move away! The scorpion barely misses you.
You die...

#....>.............#
#.P#...#P#.##......#.
.....##.####.##..#.#...
#.#. .P.P #.....#.....
# # ..... ####........
........ #..###....
...##### ##h.# #..
........###hs.# .
#...@>..# #####........
#..#####. ##.# #.. #..#
#... #.##


You could see a scorpion, a howler monkey and a hound.

Vanquished Creatures
  A hound (D:6)
  An orc (D:6)
2 creatures vanquished.

Notes
Turn   | Place    | Note
-------+----------+-------------------------------------------
     0 | D:5      | RancidPinata the Octopode Delver began the quest for the
                  | Orb.
     0 | D:5      | Reached XP level 1. HP: 16/16 MP: 1/1
   101 | D:6      | Noticed a hound
   120 | D:6      | Killed a hound
   121 | D:6      | Reached skill level 7 in Stealth
   121 | D:6      | Reached XP level 2. HP: 16/21 MP: 2/2
   121 | D:6      | Reached XP level 3. HP: 20/26 MP: 3/3
   295 | D:5      | Found a staircase to the Ecumenical Temple.
   302 | Temple   | Entered the Ecumenical Temple
   512 | D:5      | Noticed a scorpion
   536 | D:5      | HP: 1/26 [poisoned by a scorpion]
   537 | D:5      | Succumbed to a scorpion's poison

Illustrated notes

Levels and vault maps discovered:
D:5:      layout_basic, minmay_temple_entry_gardened_gates, minmay_bent
D:6:      layout_basic, minmay_strange_pillars, uniq_sigmund
Temple:   minmay_crystal_spiral_temple

Skill      XL: |  1 |
---------------+----+-----
Stealth        | 7 |  7.0
Fighting       | |  3.2
Short Blades   | |  2.5
Dodging        | |  2.3

Action                     || total
---------------------------++-------
  Melee: Short sword       ||    11
         Tentacles         ||     3
         Constrict         ||     3
         Punch             ||     1
 Armour: Skin              ||     4
  Dodge: Dodged            ||    31
